AoeStats
← Thewanderero

Nomad

503216270Analyzed
4v4 RM · 1mo ago on Aug 30, 2026· 54m 59s· 8 players
Game mode
Random Map
Map size
231×231
Population
200
Speed
Normal
Resources
Standard
Victory
Conquest
Starting age
Dark Age
Ending age
Imperial Age
RankedLock teamsTeams togetherTeam positionsShared explorationLock speedFull tech treeHidden civsTurbo modeCheats
Victory
Defeat
🇷🇺 Huns · Russia
1169
+13
🇲🇽 Bengalis · Mexico
1118
+16
🇧🇾 Vikings · Belarus
1099
+17
🇷🇺 Persians · Russia
1024
+20
🇳🇱 Magyars · Netherlands
1124
-17
🇫🇷 Vietnamese · France
1118
-17
🇬🇧 Cumans · United Kingdom
1112
-16
🇳🇱 Teutons · Netherlands
1095
-16
taisho84
14:17 Feudal Age
15:21 Double-Bit Axe
18:50 Stone Mining
21:09 Castle Age
20:17 Loom
32:00 Pikeman
39:34 Imperial Age
39:28 Wheelbarrow
40:54 Squires
41:27 Crenellations
43:01 Fletching
43:12 Scale Mail Armor
43:22 Forging
44:05 Conscription
44:25 Halberdier
45:04 Bodkin Arrow
48:04 Chemistry
RedReddington
9:54 Loom
14:25 Feudal Age
18:48 Double-Bit Axe
20:18 Wheelbarrow
21:25 Bloodlines
23:07 Town Watch
25:57 Castle Age
25:51 Gold Mining
27:18 Bow Saw
30:47 Husbandry
32:41 Scale Mail Armor
38:47 Gold Shaft Mining
38:03 Stone Mining
39:39 Horse Collar
42:09 Scale Barding Armor
41:57 Fletching
TheAurelSan
11:07 Loom
15:05 Feudal Age
19:55 Castle Age
18:27 Double-Bit Axe
18:53 Gold Mining
20:34 Stone Mining
20:26 Crossbowman
21:56 Wheelbarrow
22:32 Fletching
23:44 Bow Saw
30:13 Padded Archer Armor
41:39 Imperial Age
jorvikshungite
4:06 Loom
16:19 Feudal Age
17:43 Double-Bit Axe
18:41 Wheelbarrow
20:43 Fletching
21:19 Gold Mining
24:10 Stone Mining
25:56 Horse Collar
30:50 Castle Age
31:20 Bloodlines
31:18 Scale Barding Armor
32:39 Forging
34:53 Iron Casting
35:09 Town Watch
34:47 Capped Ram
39:34 Chain Barding Armor
41:23 Bodkin Arrow
42:03 Padded Archer Armor
44:26 Masonry
47:37 Imperial Age
47:21 Ballistics
48:41 Gold Shaft Mining
49:13 Leather Archer Armor
52:55 Blast Furnace
52:47 Murder Holes
WAnds | danila90r
7:47 Loom
14:43 Feudal Age
18:18 Castle Age
26:35 Double-Bit Axe
29:48 Wheelbarrow
29:30 Bow Saw
29:50 Horse Collar
32:58 Town Watch
33:59 Wheelbarrow
36:08 Fletching
39:50 Bodkin Arrow
42:43 Pikeman
49:57 Scale Barding Armor
51:52 Husbandry
52:48 Chain Barding Armor
55:53 Imperial Age
53:36 Bloodlines
53:39 Forging
53:36 Marauders
Thewanderero
5:44 Loom
15:25 Feudal Age
16:31 Double-Bit Axe
18:26 Fletching
22:01 Castle Age
23:09 Bow Saw
23:18 Bodkin Arrow
25:53 Gold Mining
25:53 Stone Mining
26:48 Town Watch
28:08 Scale Mail Armor
28:18 Forging
28:21 Masonry
27:54 Treadmill Crane
28:26 Masonry
28:56 Gold Shaft Mining
29:35 Horse Collar
32:03 Chain Mail Armor
32:24 Iron Casting
37:46 Imperial Age
36:23 Fishing Lines
37:43 Squires
37:29 Arson
37:32 Gambesons
39:06 Plate Mail Armor
39:36 Blast Furnace
39:48 Siege Engineers
40:17 Conscription
40:56 Hoardings
40:24 Gillnets
42:44 Architecture
41:53 Elite Berserk
45:31 Two-Man Saw
45:18 Chieftains
45:31 Heavy Plow
54:19 Blast Furnace
animaniacs2
6:38 Loom
13:59 Feudal Age
14:40 Double-Bit Axe
20:00 Castle Age
18:22 Fishing Lines
18:36 Gold Mining
21:30 Town Watch
21:52 Fletching
22:49 Wheelbarrow
22:43 Medium Warships
26:20 Padded Archer Armor
26:16 Bodkin Arrow
27:56 Forging
28:17 Scale Barding Armor
30:19 Hand Cart
31:02 Elite Skirmisher
32:31 Ballistics
32:01 Heated Shot
31:52 Treadmill Crane
33:22 Chain Barding Armor
34:02 Husbandry
35:05 Bow Saw
40:58 Imperial Age
38:25 Treadmill Crane
38:43 Horse Collar
39:25 Town Patrol
40:05 Iron Casting
39:48 Leather Archer Armor
40:06 Bloodlines
41:03 Heavy Plow
40:38 Light Cavalry
45:03 Plate Barding Armor
45:05 Iron Casting
45:32 Gold Shaft Mining
44:47 Stone Mining
46:38 Conscription
48:00 Blast Furnace
48:01 Elite Battle Elephant
49:06 Fervor
49:47 Gillnets
51:18 Mahayana
53:19 Bracer
53:10 Crossbowman
54:24 Ring Archer Armor
55:01 Chemistry
54:07 Siege Engineers
54:12 Masonry
55:08 Scale Mail Armor
55:11 Squires
54:32 Pikeman
55:28 Masonry
BDSM|POLSKA
4:02 Loom
15:41 Feudal Age
16:08 Double-Bit Axe
16:06 Fishing Lines
20:05 Fletching
22:18 Castle Age
22:40 Gillnets
23:01 Medium Warships
23:07 Bodkin Arrow
23:10 Stone Mining
26:50 Gold Mining
27:33 Bow Saw
28:49 Stone Shaft Mining
50:21 Town Watch
53:46 Imperial Age
55:48 Chemistry
Connection lost

Rejoining the realm…

Still unreachable

The connection could not be restored.

Session expired

The server has moved on; the page needs a fresh start.